[Event "Carolinas Classic 2022"]
[Site "Charlotte"]
[Date "2022.06.12"]
[Round "5.3"]
[White "Tay, Brian"]
[Black "Brodsky, David"]
[Result "0-1"]
[ECO "B92"]
[WhiteElo "1863"]
[BlackElo "2484"]
[Annotator "TA"]
[PlyCount "120"]
[EventDate "2022.06.10"]
[EventType "swiss"]
[EventCountry "USA"]
[SourceTitle "playchess.com"]
[Source "ChessBase"]
[SourceQuality "1"]
[TimeControl "5400+30"]

1. e4 c5 2. Nf3 d6 3. d4 cxd4 4. Nxd4 Nf6 5. Nc3 a6 6. Be2 e5 7. Nb3 Be7 8. O-O O-O 9. Kh1 Re8 {[%emt 0:00:07] B92: Sicilian Najdorf: 6 Be2.} 10. f4 Nc6 11. f5 b5 $1 {[%emt 0:00:30] Black is slightly better.} 12. a3 Bb7 13. Bf3 {[%emt 0:01:30] [#]} h6 $146 ({Predecessor:} 13... Rc8 14. Be3 Nb8 15. Qd2 Nbd7 16. Rfe1 Nb6 17. Na5 Ba8 18. Rad1 Qc7 19. Bg1 Rcd8 {0-1 (36) Beckett,P (1971)-Denham,C ICCF email 2015}) 14. Be3 Na5 15. Nxa5 Qxa5 16. Qd2 Rac8 17. Rad1 {[%emt 0:01:54] [#]} Qc7 (17... Rxc3 $1 $17 18. Qxc3 (18. bxc3 Rc8) 18... Qxc3 19. bxc3 Rc8) 18. Rf2 Bc6 19. g4 Qb7 20. Qd3 b4 (20... a5 $5 ) 21. axb4 Qxb4 22. g5 hxg5 23. Bxg5 Qxb2 24. Rb1 $2 {[%emt 0:09:56] [#]} (24. Rg2 $11 {and White stays safe.} Ba8 25. Bd2 (25. Bxf6 Bxf6 26. Qxd6 Rc6 $17)) 24... Nxe4 $1 $19 25. Bxe4 Qxc3 26. Bxe7 {[%emt 0:05:30] [#]} (26. f6 {keeps fighting.} Bd8 27. Bg2) 26... Rxe7 $1 27. f6 (27. Rg2 Qxd3) 27... Qxd3 28. cxd3 Rec7 29. fxg7 $2 (29. Kg2) 29... Bxe4+ 30. dxe4 Rc1+ 31. Rxc1 {[%emt 0:00:02][%mdl 4096] Endgame} Rc5 (31... Rxc1+ $19 32. Kg2 a5) 32. Rcc2 Rxc2 {[%emt 0:00:00] KR-KR} 33. Kg1 $4 (33. Rxc2 {is the narrow road to win.} Kxg7 34. Ra2 Kh6 35. Rxa6 Kg7 36. Rxd6 Kh7 37. h4 Kg8 38. Kg2) 33... Rc1+ (33... Rxf2 $142 34. Kxf2 Kxg7 35. h4 a5 36. Ke3 Kg6 37. Kd3 f5 38. exf5+ Kxf5 39. h5 a4 40. Kc2 a3 41. Kc1 e4 42. h6 a2 43. Kb2 Kg6 44. Ka1 e3 45. h7 Kxh7 46. Kxa2 e2 47. Kb3 e1=Q 48. Kc4 Qe4+ 49. Kb3 d5 50. Kc3 Qc4+ 51. Kd2 d4 52. Ke1 Qa2 53. Kf1 Qh2 54. Ke1 Qg2 55. Kd1 d3 56. Ke1 Qe2#) 34. Kg2 Kxg7 35. Ra2 Rc6 36. Kf3 Kf6 37. Ra5 Ke6 38. h4 f5 39. exf5+ Kxf5 40. h5 (40. Rd5 $142 Rb6 41. Kg3) 40... Kg5 41. Ke4 Rc4+ 42. Ke3 Kxh5 43. Rxa6 Rd4 44. Ra8 Kg5 45. Rf8 d5 46. Rg8+ Kf6 47. Rf8+ Ke7 48. Rf5 Ke6 49. Rf8 Ra4 50. Re8+ Kf6 {[%emt 0:00:00] ( -> ...Ra3+)} 51. Rf8+ Ke7 52. Rh8 Ra3+ 53. Ke2 Kd6 54. Rd8+ Kc5 55. Rc8+ Kd4 56. Rc2 e4 (56... Ke4 $142 57. Rd2 d4 58. Rb2 Ra1 59. Kf2 Kf4 60. Rd2 Ra3 61. Ke1 d3 62. Rf2+ Ke3 63. Re2+ Kd4 64. Rb2 e4 65. Kf2 e3+ 66. Kf3 Ra1 67. Kg3 e2 68. Rb4+ Ke3 69. Kg4 e1=Q 70. Rb8 Qf2 71. Re8+ Kd2 72. Re2+ dxe2 73. Kh3 Rh1+ 74. Kg4 e1=Q 75. Kg5 Qeg1#) 57. Kd2 Rh3 {[%emt 0:00:00] Black mates.} 58. Rc8 Rh2+ 59. Kd1 Kd3 60. Ke1 e3 {[%emt 0:00:00] What a bad dream for White.  Weighted Error Value: White=0.92/Black=0.41} 0-1

[Event "Carolinas Classic 2022"]
[Site "Charlotte"]
[Date "2022.06.13"]
[Round "5.4"]
[White "Panchanathan, Magesh Chandran"]
[Black "Johnson, Donald"]
[Result "1-0"]
[ECO "A37"]
[WhiteElo "2474"]
[BlackElo "2102"]
[Annotator "TA"]
[PlyCount "187"]
[EventDate "2022.06.10"]
[EventType "swiss"]
[EventCountry "USA"]
[SourceTitle "playchess.com"]
[Source "ChessBase"]
[SourceQuality "1"]
[TimeControl "5400+30"]

1. c4 g6 2. Nf3 Bg7 3. g3 c5 4. Bg2 Nc6 5. O-O e5 6. Nc3 d6 7. d3 Nge7 8. a3 O-O 9. Bd2 a5 10. Ne1 Be6 11. Nc2 d5 12. cxd5 Nxd5 13. Ne3 {[%emt 0:00:23][%cal Re3d5] A37: Symmetrical English vs ...g6: 4 Bg2 Bg7 5 Nf3.} Nde7 14. Nc4 Rb8 15. Nb5 {[%emt 0:01:50] Black is slightly better.} b6 16. Rc1 {[%emt 0:02:27] [#]} Qd7 $146 ({Predecessor:} 16... Nd4 17. Nxd4 cxd4 18. b4 axb4 19. Bxb4 b5 20. Na5 Re8 21. Qd2 Rc8 22. Nb7 Qb6 {1-0 (39) Erigaisi,A (2359)-Yang,G (1693) Ahmedabad 2017}) 17. Qc2 Rfd8 18. Rfd1 f6 19. Be1 Nd4 20. Nxd4 Qxd4 ({Black should try} 20... cxd4 $15 21. a4 Nd5) 21. Qb1 (21. b4 $14) 21... Qd7 ({Better is} 21... a4 $1 $15) 22. b4 $11 cxb4 23. axb4 Nd5 24. bxa5 bxa5 25. Qa1 a4 26. Na5 Rdc8 {[%emt 0:03:10] Against Nc6} (26... Rbc8 $11 {remains equal.}) 27. Rc4 $16 Nb6 28. Rxc8+ Rxc8 29. Rb1 $1 Nd5 30. Rb7 Qe8 31. Nc4 $1 Ra8 32. Qb1 (32. Nb6 $14 Nxb6 33. Rxb6) 32... Bf8 $1 $11 33. Rb5 Rd8 (33... Nc7 $1 $11 {keeps the balance.} 34. Rb6 Nd5) 34. Ra5 (34. Ba5 $16) 34... Rb8 35. Qa1 (35. Qc2 $5 Nb4 36. Bxb4 (36. Qxa4 Qxa4 37. Rxa4 Nc2 $11) 36... Rxb4 37. Ne3 $14 (37. Ra8 Qd7 $11)) 35... Nb4 {[%emt 0:00:00] Threatens to win with ...Nc2.} 36. Qd1 {[%emt 0:00:04] Inhibits Nc2.} ({Much worse is} 36. Qxa4 Qxa4 37. Rxa4 Nc2 $15) (36. Rxa4 $2 Nc2 37. Qa2 Nxe1 $19) (36. Bc3 $1 $14) 36... Qd8 (36... e4 $11) 37. Qxa4 $16 Bd7 38. Qd1 Nc6 39. Ra6 Nd4 40. e3 Bb5 41. Ra1 Ne6 42. Rb1 Nc5 (42... Be8 $142) 43. d4 $1 Bxc4 (43... exd4 $16 44. Ba5 (44. Qxd4 Qxd4 45. exd4 Na6 $16) 44... Qc8) 44. Rxb8 $18 Qxb8 45. dxc5 Qb3 46. Qxb3 Bxb3 {[%emt 0:00:01][%mdl 4096] Endgame KBB-KBB} 47. c6 {[%emt 0:00:08] And now c7 would win.} Be6 48. Bf1 {[%emt 0:00:07] aiming for Ba6.} Bc8 {[%emt 0:00:45] Inhibits Ba6.} 49. Bc4+ Kg7 50. Ba5 Bc5 51. Bd8 f5 52. Kf1 Kf8 53. Ke2 Be7 54. Bc7 e4 55. Ba5 {[%emt 0:00:27] Prevents Bb4.} Bc5 56. Kd2 (56. Bd8 $18) 56... Ke7 $16 57. Kc3 {[%emt 0:00:11] Hoping for Bc7.} Kd6 {[%emt 0:00:08] Inhibits Bc7+.} 58. Bb5 {[%emt 0:00:03] White is more active.} Be6 59. h4 h6 60. Bd8 Bd5 61. c7 Bb7 $2 (61... Be6 $16 {is a better defense.} 62. Be8 g5) 62. Be8 $1 $18 g5 63. h5 {[%emt 0:00:24][%cal Od8g5] Bxg5! is the strong threat.} Bc8 {[%emt 0:00:46] [#]} (63... Ke6 $142 64. Kc4 Ba7) 64. Bxg5 $1 hxg5 (64... Bb6 65. Bxh6) 65. h6 {[%emt 0:00:04] h7 would kill now.} Ke6 66. h7 Be7 67. h8=Q ({Don't blunder} 67. Bf7+ $2 Kxf7 68. h8=Q Bf6+ 69. Qxf6+ Kxf6 $19) 67... Bf6+ {[%emt 0:00:02] [#]} 68. Qxf6+ $3 Kxf6 {[%emt 0:00:05] KB-KB} 69. Kd4 Ke7 70. Bb5 (70. Bg6 $142 Kf6 71. Bh5) 70... Kd6 {[%emt 0:00:15] [#]} 71. Bc4 $2 (71. g4 $1 $18 {[%cal Rg4f5] and the rest is easy.} fxg4 72. Kxe4) 71... Bb7 $2 (71... g4 $16 72. Bd5 Bd7) 72. g4 $1 fxg4 73. Bb3 Kxc7 74. Ke5 Kd7 75. Bd5 Ba6 76. Bxe4 Be2 77. Kf5 Kd6 78. Kxg5 Ke5 79. Bf5 g3 80. fxg3 Bf3 81. g4 Be2 82. Bc2 Bf3 83. Kh4 Kf6 84. Kg3 Be2 85. Kf4 Bc4 86. e4 Ke6 87. e5 Kf7 88. Bf5 Bd5 89. e6+ Ke7 {[%emt 0:00:39] [#]} 90. Ke5 $2 (90. Kg5 $1 {mates} Bb3 91. Kg6 Bd5 92. g5 Ba2 93. Kh7 Bd5 94. g6 Bc6 95. g7) 90... Bc6 $2 (90... Bc4 $11 91. g5 Kf8 92. Kf6 Ke8 93. g6 Kd8 94. g7 Kc7 95. g8=Q Kd6 96. Qf8+ Kd5) 91. g5 {[%emt 0:00:07] White mates.} Bb5 92. Bg6 Kf8 93. Kf6 Kg8 94. Bf7+ {[%emt 0:00:12] Weighted Error Value: White=0.12 (very precise) /Black=0.22 (precise)} 1-0

[Event "Carolinas Classic 2022"]
[Site "Charlotte"]
[Date "2022.06.13"]
[Round "5.5"]
[White "Espinosa, Pedro"]
[Black "Wang, Tianqi"]
[Result "0-1"]
[ECO "C12"]
[WhiteElo "2019"]
[BlackElo "2331"]
[Annotator "TA"]
[PlyCount "108"]
[EventDate "2022.06.10"]
[EventType "swiss"]
[EventCountry "USA"]
[SourceTitle "playchess.com"]
[Source "ChessBase"]
[SourceQuality "1"]
[TimeControl "5400+30"]

1. d4 Nf6 2. Nc3 e6 3. e4 d5 4. Bg5 Bb4 5. e5 h6 6. Bd2 Ng8 {[%emt 0:00:06] C12: French: Classical System: McCutcheon Variation.} (6... Bxc3 $11 7. bxc3 Ne4) 7. Qg4 $14 Bf8 {[%emt 0:00:08] [#]} 8. f4 $146 ({Predecessor:} 8. h4 b6 9. h5 Qd7 10. O-O-O a5 11. f4 Ne7 12. Qf3 Ba6 13. Nh3 Nf5 14. Be1 {1-0 (44) Sluka,R (2380)-Biolek,R (2425) Czech Republic 1998}) 8... Bd7 {[%emt 0:02:23] White is slightly better.} 9. a3 (9. Qg3 $16) 9... h5 10. Qg3 h4 (10... Nh6 $14) 11. Qf2 $16 Nh6 12. Bd3 g6 13. Nf3 Ng4 14. Qg1 b6 15. g3 h3 16. Ng5 c5 $1 17. Be2 Nh6 18. g4 {[%emt 0:03:45] Inhibits Nf5.} Nc6 19. Be3 cxd4 20. Bxd4 Nxd4 21. Qxd4 Ng8 ({Black should try} 21... Bc5 $14 22. Qd3 b5) 22. Qd3 (22. O-O-O $18) 22... Be7 23. Nxh3 (23. Nf3 $1 $16) 23... Bc6 {[%emt 0:01:49] [#]} (23... Rc8 $14) 24. Nf2 (24. O-O-O $1 $16) 24... g5 25. f5 d4 26. Nce4 {[%emt 0:02:21] Strongly threatening 0-0-0.} Qd5 27. f6 (27. Bf3 $16 {[%cal Oe4d6] Threatens to win with Nd6+!} Qxe5 28. fxe6) 27... Bd8 $1 $11 28. c3 Qxe5 {[%emt 0:01:42] White must now prevent ...dxc3.} 29. cxd4 Qf4 $36 {[%emt 0:00:21][%mdl 2048] Black is more active.} 30. Qf3 {[%emt 0:06:59] And now Qxf4 would win.} Bc7 31. Qxf4 (31. h4 $5) 31... Bxf4 32. h3 {[%emt 0:01:19] White is on the road to losing.} (32. Bf3 $15) 32... Rd8 33. Rd1 Rh6 34. Bf3 {[%emt 0:00:32] [#]} (34. h4 $17) 34... Ba4 $1 $19 {[%emt 0:00:43] A strong pair of Bishops.} 35. Rd3 Nxf6 36. Nxf6+ Rxf6 37. Ne4 Rh6 38. b3 (38. Kf2 $142) 38... Bb5 39. Rd1 Ke7 {[%emt 0:00:48] Hoping for ...Rc8.} 40. a4 Ba6 41. Be2 Bb7 42. Bf3 Bd5 43. Rd3 f5 44. gxf5 (44. Nf2 $142) 44... exf5 45. Nf2 Re6+ 46. Kf1 Bxf3 47. Rxf3 Rxd4 48. Nd3 Be3 49. Ne1 (49. Nf2 f4 50. Rg1) 49... Rd1 {[%emt 0:01:03] ( -> ...Bd4)} 50. Ke2 Rd2+ 51. Kf1 f4 52. b4 Kf6 {[%emt 0:00:59] ...Re4 is the strong threat.} 53. a5 bxa5 54. bxa5 a6 {[%emt 0:00:05] Weighted Error Value: White=0.63/Black=0.22 (precise)} 0-1